 Dungeon Crawl Stone Soup version 0.29.1-15-g9cfb28693d (webtiles) character file.

Game seed: 12550050325113275537

479 Silvore the Chopper (level 6, -1/48 HPs)
             Began as a Demonspawn Monk on Apr 30, 2023.
             Was a Priest of Okawaru.
             Succumbed to a hornet's poison
             ... on level 4 of the Dungeon.
             The game lasted 00:09:14 (3524 turns).

Silvore the Chopper (Demonspawn Monk)               Turns: 3524, Time: 00:09:15

Health: -1/48      AC: 12    Str: 12    XL:     6   Next: 86%
Magic:  6/6        EV:  9    Int: 11    God:    Okawaru [***...]
Gold:   116        SH:  0    Dex: 17    Spells: 5/5 levels left

rFire   + . .      SeeInvis .   a - +1 hand axe
rCold   . . .      Faith    .   (no shield)
rNeg    . . .      Spirit   .   f - +0 chain mail
rPois   .          Reflect  .   (no helmet)
rElec   .          Harm     .   (no cloak)
rCorr   .          Rampage  .   (no gloves)
Will    .....                   (no boots)
Stlth   +.........              (no amulet)
HPRegen 0.16/turn               e - ring of protection from fire
MPRegen 0.10/turn               (no ring)

@: lethally poisoned (-1 -> -8), heroic, slowed, very slow
A: icy blue scales 1, spiny 2, demonic magic 1
a: Renounce Religion, Heroism


You were on level 4 of the Dungeon.
You worshipped Okawaru.
Okawaru was most pleased with you.
You visited 1 branch of the dungeon, and saw 4 of its levels.

You collected 116 gold pieces.

Inventory:

Hand Weapons
 a - a +1 hand axe (weapon)
Armour
 b - a +0 robe
 f - a +0 chain mail (worn)
Jewellery
 e - a ring of protection from fire (left hand)
Wands
 l - a wand of polymorph (2)
Scrolls
 d - 4 scrolls of identify
 g - a scroll of teleportation
 h - a scroll of fog
 i - a scroll of torment
Potions
 j - 3 potions of degeneration
 m - a potion of magic {unknown}


   Skills:
 + Level 4.0(9.0) Fighting
 + Level 5.3(10.3) Axes
 + Level 2.6(7.6) Armour
 + Level 3.3(8.3) Dodging
 + Level 2.3(7.3) Stealth
 + Level 0.2 Invocations


You had 5 spell levels left.
You didn't know any spells.
Your spell library was empty.

Dungeon Overview and Level Annotations

Branches:
Dungeon (4/15)
 Temple: D:4-7

Altars:
Kikubaaqudgha
Okawaru

Shops:
D:2 [*


Innate Abilities, Weirdness & Mutations

You are partially covered in icy blue scales. (AC +2)
You are mostly covered in sharp spines.
Spells you cast may paralyse adjacent enemies.


Message History

You can move again.
You feel more confident with your borrowed prowess.
You feel sick. The hornet is struck by your spines.
The hornet stings you but does no damage. x2
You are confused.
You feel invigorated.
You feel sick.
The hornet stings you but does no damage.
The hornet barely misses you.
You feel better.
You feel less invigorated. The hornet is struck by your spines.
The hornet barely misses you. The hornet is struck by your spines.
The hornet stings you.
You feel as though you will be slow longer.
You miss the hornet.
The hornet is severely wounded.
The hornet closely misses you. The hornet stings you!
You feel as though you will be slow longer.
You completely miss the hornet.
The hornet is severely wounded.
The hornet stings you!
You feel as though you will be slow longer.
The hornet stings you!
* * * LOW HITPOINT WARNING * * *
You are lethally poisoned!
You feel as though you will be slow longer.
You barely miss the hornet.
The hornet is severely wounded.
* * * LOW HITPOINT WARNING * * *
You feel very sick.
The hornet stings you but does no damage.
The hornet is struck by your spines.
The hornet stings you but does no damage.
You closely miss the hornet.
The hornet is severely wounded.
* * * LOW HITPOINT WARNING * * *
You feel sick.
The hornet stings you but does no damage.
Unknown command.
You closely miss the hornet.
The hornet is severely wounded.
You die...

#+## ... #...## #(####
#.....# #.##.##
##.......
#.#...####........
#.......@yo..[....
#.#...####........
##....######.......
#........# #.....#
#.##.###.# #...##
#.##.# #.# #+##
#.##.###.##### .#
#.##.........##.#
#.######.###.##.######


You could see a hornet and an orc.

Vanquished Creatures
  Eustachio (D:4)
  A black bear (D:4)
  3 orc priests
  2 orc wizards
  3 adders
  A worm (D:3)
  A dart slug (D:1)
  10 orcs
  5 endoplasms
  4 giant cockroaches
  4 goblins
  4 hobgoblins
  2 quokkas
  10 ball pythons
  6 bats
  10 kobolds
  4 rats
71 creatures vanquished.

Notes
Turn   | Place    | Note
-------+----------+-------------------------------------------
     0 | D:1      | Silvore the Demonspawn Monk began the quest for the Orb.
     0 | D:1      | Reached XP level 1. HP: 18/18 MP: 1/1
    83 | D:1      | Found a faded altar of an unknown god.
   104 | D:1      | Prayed at the altar of an unknown god.
   104 | D:1      | Became a worshipper of Warmaster Okawaru
   104 | D:1      | Reached * piety under Okawaru
   104 | D:1      | Reached ** piety under Okawaru
   512 | D:1      | Reached skill level 3 in Axes
   577 | D:1      | Gained mutation: You are partially covered in sharp spines.
                  | [demonic ancestry]
   577 | D:1      | Reached XP level 2. HP: 24/24 MP: 2/2
   916 | D:2      | Found Zust's Assorted Antiques.
  1081 | D:2      | Reached *** piety under Okawaru
  1126 | D:2      | Gained mutation: You are partially covered in icy blue
                  | scales. (AC +2) [demonic ancestry]
  1126 | D:2      | Reached XP level 3. HP: 20/29 MP: 3/3
  1324 | D:2      | Found Itastyt's Armour Shoppe.
  1905 | D:3      | Gained mutation: Spells you cast may paralyse adjacent
                  | enemies. [demonic ancestry]
  1905 | D:3      | Reached XP level 4. HP: 23/36 MP: 4/4
  2842 | D:3      | Reached skill level 1 in Armour
  2842 | D:3      | Gained mutation: You are mostly covered in sharp spines.
                  | [demonic ancestry]
  2842 | D:3      | Reached XP level 5. HP: 40/42 MP: 5/5
  3055 | D:4      | Noticed Eustachio
  3086 | D:4      | Killed Eustachio
  3087 | D:4      | Reached skill level 4 in Axes
  3087 | D:4      | Reached XP level 6. HP: 42/48 MP: 6/6
  3259 | D:4      | Found an ancient bone altar of Kikubaaqudgha.
  3270 | D:4      | Reached skill level 5 in Axes
  3343 | D:4      | Reached **** piety under Okawaru
  3511 | D:4      | Noticed a hornet
  3516 | D:4      | Paralysed by a hornet for 1 turns
  3523 | D:4      | HP: 1/48 [poisoned by a hornet]
  3524 | D:4      | Succumbed to a hornet's poison

Illustrated notes

Levels and vault maps discovered:
D:1:      eino_arrival_tree_alley, layout_basic,
          chequers_ecumenical_altar_island, solitary_fountain
D:2:      layout_basic, serial_shops, nicolae_shop_statue_plus, shop_fountains
D:3:      layout_loops_corners, kennysheep_generic_room_9
D:4:      layout_loops_corners, old_standard_altar, uniq_eustachio

Skill      XL: |  1  2  3  4  5  6 |
---------------+-------------------+-----
Axes           | 3 4 5 |  5.3
Stealth        | 2 |  2.3
Dodging        | 3 |  3.3
Armour         | 1 2 |  2.6
Fighting       | 4 |  4.0
Invocations    | |  0.2

Action                   |  1- 3 |  4- 6 || total
-------------------------+-------+-------++-------
Melee: Hand axe          |    96 |   111 ||   207
       Punch             |       |     4 ||     4
Invok: Heroism           |       |     3 ||     3
  Use: Scroll            |     4 |     2 ||     6
       Potion            |       |     2 ||     2
Armor: Chain mail        |    65 |    68 ||   133
       Robe              |     3 |       ||     3
Dodge: Dodged            |    42 |    30 ||    72
